Map: Acid Plant LE

Players

Spazymazy - Winner!

  • Race: Zerg Zerg
  • Spawn Location: 11:00

EonBlu

  • Race: Zerg Zerg
  • Spawn Location: 5:00

Event: WCS Leipzig 2018

VOD

Have the link to the VOD?

Description

Time

  • Played on: Jan. 26, 2018, 7:38 a.m.
  • Length: 4:37

All games in this series

Show
View Real Time Build Order
Export as new Build Order

Spazymazy Zerg - Winner!

Build Orders: Hatch First, Zergling Baneling 

Get SALT Encoding   

  12  0:00  Drone  
  13  0:12  Overlord  
  13  0:16  Drone  
  14  0:30  Drone x2  
  14  0:34  Drone  
  17  0:51  Hatchery  
  17  0:55  Drone  
  17  0:57  Extractor  
  17  1:00  Drone  
  17  1:14  Spawning Pool  
  17  1:17  Drone  
  17  1:20  Drone  
  18  1:27  Drone  
  19  1:38  Overlord  
  19  2:00  Metabolic Boost  
  19  2:01  Zergling x2, Queen  
  19  2:02  Zergling x2  
  19  2:06  Queen  
  25  2:10  Zergling x2  
  25  2:15  Drone  
  27  2:21  Baneling Nest  
  26  2:27  Overlord  
  26  2:36  Zergling x4  
  28  2:39  Zergling x2  
  28  2:41  Zergling x2  
  28  2:43  Zergling x2  
  31  2:47  Zergling x2  
  32  2:53  Zergling x2  
  32  2:57  Zergling x2  
  34  3:04  Zergling x2  
  35  3:06  Baneling x2  
  35  3:07  Baneling x3  
  35  3:12  Baneling  
  35  3:13  Zergling x4  
  35  3:18  Zergling x2  
  38  3:21  Zergling x2  
  38  3:31  Baneling x2  
  38  3:35  Zergling x8  
  40  3:48  Zergling x8  
  36  4:05  Baneling x2  
  36  4:06  Zergling x2  
  36  4:07  Zergling x6  
  39  4:12  Drone x2  
  39  4:16  Baneling x2  
Show
View Real Time Build Order
Export as new Build Order

EonBlu Zerg 

Build Orders: Hatch First 

Get SALT Encoding   

  12  0:00  Drone  
  13  0:12  Overlord  
  13  0:17  Drone  
  14  0:32  Drone x2  
  16  0:48  Hatchery  
  15  0:52  Drone  
  15  0:55  Drone  
  17  1:05  Extractor  
  16  1:11  Spawning Pool  
  16  1:14  Drone  
  16  1:18  Drone  
  17  1:21  Drone  
  18  1:28  Drone  
  19  1:39  Overlord  
  19  1:58  Zergling x2, Queen  
  19  2:00  Queen  
  19  2:01  Zergling x2  
  25  2:03  Zergling x2  
  26  2:11  Metabolic Boost  
  26  2:13  Drone  
  27  2:16  Drone  
  28  2:23  Drone x2  
  30  2:40  Hatchery  
  30  2:43  Drone  
  30  2:49  Baneling Nest  
  30  2:50  Drone  
  30  3:07  Zergling x2  
  30  3:08  Zergling x10  
  36  3:24  Overlord  
  35  3:34  Baneling  
  33  3:35  Zergling x6  
  33  3:45  Zergling x2  
  33  3:46  Zergling x4  
  31  3:50  Queen x2  
  31  3:52  Zergling x6  
  33  4:04  Zergling x4  
  29  4:15  Zergling x2  
  29  4:16  Zergling x4  
Tags
 
Add a new tag
Caveats
  • Supply blocks, unpowered buildings, or Contaminate may cause inaccurate times.
  • Supply counts are checked every 10 seconds.